 Dungeon Crawl Stone Soup version 0.22-a0-292-g0df9d5f (webtiles) character file.

32 grindst0ne the Sneak (level 3, 0/16 HPs)
             Began as a Spriggan Enchanter on Mar 24, 2018.
             Succumbed to an adder's poison
             ... on level 2 of the Dungeon.
             The game lasted 00:02:34 (1258 turns).

grindst0ne the Sneak (Spriggan Enchanter)           Turns: 1258, Time: 00:02:35

Health: 0/16       AC:  2    Str:  4    XL:     3   Next: 8%
Magic:  2/8        EV: 17    Int: 16    God:
Gold:   77         SH:  0    Dex: 17    Spells: 4/7 levels left

rFire    . . .     SeeInvis +   a - +1 dagger
rCold    . . .     Gourm    .   (shield restricted)
rNeg     . . .     Faith    .   b - +0 robe
rPois    .         Spirit   .   (helmet restricted)
rElec    .         Reflect  .   (no cloak)
rCorr    .         Harm     .   (gloves unavailable)
MR       .....                  (boots unavailable)
Stlth    +++.......             (no amulet)
HPRegen  0.05/turn              (no ring)
MPRegen  0.11/turn              (no ring)

@: lethally poisoned (0 -> -3), flying, heavily drained, very quick
A: very small, unfitting armour, see invisible, herbivore, speed 3, slow
metabolism 2
a: no special abilities


You were on level 2 of the Dungeon.
You were not hungry.

You visited 1 branch of the dungeon, and saw 2 of its levels.

You collected 77 gold pieces.

Inventory:

Hand Weapons
 a - a +1 dagger (weapon)
Armour
 b - a +0 robe (worn)
Jewellery
 e - an uncursed amulet of harm
Scrolls
 c - a scroll of fog {unknown}
 g - a scroll of remove curse {unknown}
 h - a scroll of teleportation {unknown}
 i - a scroll of random uselessness {unknown}
Comestibles
 d - 2 rations


   Skills:
 - Level 1.1(0.0) Short Blades
 + Level 3.9(2.4) Dodging
 + Level 5.2(3.7) Stealth
 - Level 2.6(1.2) Spellcasting
 + Level 4.1(2.6) Hexes


You had 4 spell levels left.
You knew the following spells:

 Your Spells              Type           Power        Failure   Level  Hunger
a - Corona                Hex            #......      8%          1    ##.....
b - Ensorcelled Hibernat  Hex/Ice        #.....       21%         2    ###....


Dungeon Overview and Level Annotations

Branches:
Dungeon (2/15)

Altars:


Innate Abilities, Weirdness & Mutations

You are very small and have problems with some larger weapons.
You are too small for most types of armour.
You have supernaturally acute eyesight. (SInv)
You are a herbivore.
You cover ground extremely quickly.
You need to consume almost no food.


Message History

You feel agile.
There is a lethal amount of poison in your body!
There is a lethal amount of poison in your body!
There is a lethal amount of poison in your body!
There is a lethal amount of poison in your body!
You see here an adder corpse.
* * * LOW HITPOINT WARNING * * *
You feel sick.
There is a lethal amount of poison in your body!
There is a lethal amount of poison in your body!
There is a lethal amount of poison in your body!
There is a lethal amount of poison in your body!
* * * LOW HITPOINT WARNING * * *
You feel sick.
* * * LOW HITPOINT WARNING * * *
You feel sick.
There is a lethal amount of poison in your body!
There is a lethal amount of poison in your body!
You see here a stone.
You die...

#.†.S...†..#.##.#
#.########.#.##.#
#.#......#.#.##.#
#.#.####.#.#.##.#
#.#.#..#.#.#.##.#
#.#.#..#.#.#.##.#
#.#.#..S..<#.##.#
#.#.#.##.#.#(##.#
#S#.#.[..#.#@##.#
#.#.######.#.##.#
#.#...S....#.##.#
##.##########.##.#
#.............##.#
################.############
#............# ############.#
#.#


There were no monsters in sight!

Vanquished Creatures
  An adder (D:2)
  A dart slug (D:1)
  2 giant cockroaches (D:1)
  2 goblins (D:1)
  3 hobgoblins (D:1)
  5 bats
  A kobold (D:2)
  5 rats
20 creatures vanquished.

Notes
Turn   | Place    | Note
-------+----------+-------------------------------------------
     0 | D:1      | grindst0ne the Spriggan Enchanter began the quest for the Orb.
     0 | D:1      | Reached XP level 1. HP: 9/9 MP: 5/5
   413 | D:1      | Reached XP level 2. HP: 13/13 MP: 3/6
   425 | D:1      | Learned a level 2 spell: Ensorcelled Hibernation
   831 | D:1      | Reached skill level 5 in Stealth
  1234 | D:2      | Reached XP level 3. HP: 3/16 MP: 1/8
  1258 | D:2      | Succumbed to an adder's poison

Vault maps used:
D:1:      saegor_arrival_simple_f
D:2:      makhleb_altar_promises_db, uniq_terence

Skill      XL: |  1  2 |
---------------+-------+-----
Hexes          | 4 |  4.1
Stealth        | 5 |  5.2
Short Blades   | |  1.1
Dodging        | |  3.9
Spellcasting   | |  2.6

Action                   || total
-------------------------++-------
Melee: Dagger            ||    86
 Cast: Corona            ||     3
       Ensorcelled Hiber ||    10
  Use: Potion            ||     1
 Stab: Sleeping          ||     6
Armor: Robe              ||     9
Dodge: Dodged            ||   101

Table legend:
 A = Spawn XP
 B = Non-spawn XP
 C = Spawn XP percentage of total XP
 D = Spawn monster count
 E = Non-spawn monster count
 F = Spawn count percentage of total count
 G = Total turns spent on level
                    A         B        C        D         E        F      G
               +---------+---------+-------+---------+---------+-------+---------
         Total |       0 |      46 |   0.0 |       0 |      20 |   0.0 |  1258
               +---------+---------+-------+---------+---------+-------+---------
           D:1 |       0 |      27 |   0.0 |       0 |      15 |   0.0 |   858
           D:2 |       0 |      19 |   0.0 |       0 |       5 |   0.0 |   400
               +---------+---------+-------+---------+---------+-------+---------
